 Dungeon Crawl Stone Soup version 0.31-a0-728-g01b46875f1 (webtiles) character file.

Game seed: 11912019180832135001

95 cforsyth the Trooper (level 4, -10/37 HPs)
             Began as a Djinni Chaos Knight on Sept 11, 2023.
             Was a Plaything of Xom.
             Mangled by an ogre
             ... wielding a +0 giant spiked club
              (14 damage)
             ... on level 4 of the Dungeon.
             The game lasted 00:03:28 (2345 turns).

cforsyth the Trooper (Djinni Chaos Knight)          Turns: 2345, Time: 00:03:29

Health: -10/37     AC:  7    Str: 11    XL:     4   Next: 97%
Gold:   144        EV: 11    Int: 16    God:    Xom [..*...] SH:  0 Dex: 12

rFire   + + .        a - +0 falchion (chaos)
rCold   . . .        (no shield)
rNeg    . . .        b - +2 leather armour
rPois   ∞            n - +0 helmet
rElec   .            f - +0 cloak
rCorr   .            (no gloves)
SInv    .            (boots unavailable)
Will    .....        m - amulet of the acrobat
Stlth   +            i - ring of protection from cold
HPRegen 0.26/turn    (no ring)
MPRegen 0.00/turn

%: acrobat, infuse magic (-11 HP)
@: flying
A: sickness immunity, fire resistance 2, cold vulnerability 1, float, innate
caster, HP casting, extra vitality 1
a: Renounce Religion


You were on level 4 of the Dungeon.
You worshipped Xom.
You were a toy of Xom.
You visited 1 branch of the dungeon, and saw 4 of its levels.

You collected 144 gold pieces.

Inventory:

Hand Weapons
 a - a +0 falchion of chaos (weapon)
Armour
 b - a +2 leather armour (worn)
 f - a +0 cloak (worn)
 n - a +0 helmet (worn)
Jewellery
 i - a ring of protection from cold (left hand)
 m - an amulet of the acrobat (around neck)
Scrolls
 d - a scroll of revelation {unknown}
 j - a scroll of poison {unknown}
 p - a scroll of enchant weapon {unknown}
Potions
 e - 2 potions of mutation {unknown}
 g - 2 potions of haste {unknown}
 h - 2 potions of curing {unknown}
 l - a potion of degeneration {unknown}
 o - 3 potions of enlightenment {unknown}
 q - a potion of berserk rage {unknown}


   Skills:
 + Level 4.2 Fighting
 - Level 2.6 Long Blades
 - Level 1.0 Armour
 - Level 2.1 Dodging
 + Level 2.0 Spellcasting
 + Level 2.0 Conjurations
 + Level 2.0 Hexes
   Level 0.0 Charms
 + Level 2.0 Summonings
 + Level 2.0 Necromancy
 + Level 2.0 Translocations
 + Level 2.0 Transmutations
 + Level 2.0 Fire Magic
 + Level 2.0 Ice Magic
 + Level 2.0 Air Magic
 + Level 2.0 Earth Magic
 + Level 2.0 Poison Magic


You knew the following spells:

 Your Spells              Type           Power      Damage    Failure   Level
a - Sting                 Tmut/Pois      32%        1d4       12%         1
Your spell library was empty.

Dungeon Overview and Level Annotations

Branches:
Dungeon (4/15)
 Temple: D:4-7

Altars:
Elyvilon

Shops:
D:1 :


Innate Abilities, Weirdness & Mutations

You are immune to sickness and miasma.
You are immune to poison.
Your flesh is very heat resistant. (rF++)
You are vulnerable to cold. (rC-)
You float through the air rather than walking.
You learn spells naturally, not from books.
Your magical power is your life essence.
You have superior vitality. (+4 MHP)


Message History

Unknown command.
Unknown command.
You hit the ogre.
The ogre is lightly wounded.
The ogre hits you with a +0 giant spiked club!!
Ouch! That really hurt!
* * * LOW HITPOINT WARNING * * *
You completely miss the ogre.
The ogre is lightly wounded.
The ogre hits you with a +0 giant spiked club!
You die... "NOOOOOOO, not my toy!"
Xom revives you!
Unknown command.
Unknown command.
Unknown command.
Unknown command.
As you read the scroll labelled VECZUU AKAUN, it crumbles to dust.
You feel a surge of unholy energy.
The ogre convulses!
The endoplasm convulses!
It was a scroll of torment.
You hit the ogre but do no damage.
The ogre seems to speed up.
The ogre is heavily wounded.
The ogre hits you with a +0 giant spiked club!!
Ouch! That really hurt!
You die... "That's my toy, go get your own!"
Xom revives you!
An endoplasm comes into view.
Press: ? - help, v - describe, . - travel
Here: an ogre, wielding a +0 giant spiked club (heavily wounded, fast)
The floor.
Unknown command.
You aren't carrying any items that you can evoke.
Unknown command.
You hit the ogre. You burn the ogre.
The ogre is severely wounded.
The ogre barely misses you.
The ogre hits you with a +0 giant spiked club!
You die...
Xom roars with laughter!

.. .. #.# . ..# .#
#.#..# #J#..# ....
########J##
......O@..#
.#######..#
#.#.....<..#.#
#..........#.#
###.####..##.#
#......#.# #.#
#......#.#
#.#.#####..#.# #
#.#........#.######


You could see an ogre (fast) and 2 endoplasms.

Vanquished Creatures
  Robin (D:2)
  2 adders
  2 worms (D:2)
  2 orcs (D:3)
  6 bats
  4 endoplasms
  A giant cockroach (D:4)
  10 goblins
  6 hobgoblins
  8 ball pythons
  3 frilled lizards
  2 kobolds
  8 rats
55 creatures vanquished.

Notes
Turn   | Place    | Note
-------+----------+-------------------------------------------
     0 | D:1      | cforsyth the Djinni Chaos Knight began the quest for the
                  | Orb.
     0 | D:1      | Reached XP level 1. HP: 20/20 MP: 0/0
    34 | D:1      | XOM: silly message
   186 | D:1      | Reached XP level 2. HP: 25/25 MP: 0/0
   268 | D:1      | Found Woveavuowu's Vocational Training.
   507 | D:1      | XOM: smoke on damage
   546 | D:1      | XOM: silly message
   574 | D:1      | Reached skill level 1 in Spellcasting
   574 | D:1      | Reached skill level 1 in Conjurations
   574 | D:1      | Reached skill level 1 in Hexes
   574 | D:1      | Reached skill level 1 in Summonings
   574 | D:1      | Reached skill level 1 in Necromancy
   574 | D:1      | Reached skill level 1 in Translocations
   574 | D:1      | Reached skill level 1 in Transmutations
   574 | D:1      | Reached skill level 1 in Fire Magic
   574 | D:1      | Reached skill level 1 in Ice Magic
   574 | D:1      | Reached skill level 1 in Air Magic
   574 | D:1      | Reached skill level 1 in Earth Magic
   574 | D:1      | Reached skill level 1 in Poison Magic
   605 | D:1      | XOM: cloud trail
   832 | D:1      | XOM: noise
  1178 | D:2      | Reached XP level 3. HP: 30/30 MP: 0/0
  1178 | D:2      | Learned a level 1 spell: Sting
  1182 | D:2      | Found a white marble altar of Elyvilon.
  1289 | D:2      | Found a faded altar of an unknown god.
  1341 | D:2      | Noticed Robin
  1346 | D:2      | XOM: divination: magic mapping
  1400 | D:2      | Killed Robin
  1437 | D:2      | XOM: noise
  1507 | D:2      | Reached XP level 4. HP: 36/37 MP: 0/0
  1677 | D:2      | Reached skill level 4 in Fighting
  2100 | D:3      | a dart slug changed into a shapeshifter
  2100 | D:3      | Noticed a shapeshifter (shapeshifter)
  2100 | D:3      | a shapeshifter changed into a basilisk
  2100 | D:3      | Noticed a basilisk (shapeshifter)
  2101 | D:3      | XOM: noise
  2101 | D:3      | a basilisk changed into a cane toad
  2101 | D:3      | Noticed a cane toad (shapeshifter)
  2103 | D:3      | XOM: silly message
  2118 | D:3      | Noticed a hog
  2339 | D:4      | Noticed an ogre
  2342 | D:4      | Xom revived you
  2344 | D:4      | Xom revived you
  2345 | D:4      | Mangled by an ogre

Illustrated notes

Levels and vault maps discovered:
D:1:      dpeg_arrival_oval, layout_loops_corners, grunt_decor_mini_mirrors,
          nicolae_shop_vocational
D:2:      layout_basic, chequers_ecumenical_altar_lobes, basic_altar,
          minmay_pentomino_u2, uniq_robin
D:3:      layout_loops_ring, serial_shops, shop_fountains, minmay_cut_off
D:4:      layout_basic, serial_shops, shop

Skill      XL: |  1  2  3  4 |
---------------+-------------+-----
Spellcasting   | 1 2 |  2.0
Conjurations   | 1 2 |  2.0
Hexes          | 1 2 |  2.0
Summonings     | 1 2 |  2.0
Necromancy     | 1 2 |  2.0
Translocations | 1 2 |  2.0
Transmutations | 1 2 |  2.0
Fire Magic     | 1 2 |  2.0
Ice Magic      | 1 2 |  2.0
Air Magic      | 1 2 |  2.0
Earth Magic    | 1 2 |  2.0
Poison Magic   | 1 2 |  2.0
Fighting       | 4 |  4.2
Long Blades    | |  2.6
Armour         | |  1.0
Dodging        | |  2.1

Action                     |  1- 3 |  4- 6 || total
---------------------------+-------+-------++-------
  Melee: Falchion          |    69 |    94 ||   163
         Punch             |     1 |     1 ||     2
   Cast: Sting             |     9 |       ||     9
    Use: Scroll            |       |     2 ||     2
   Stab: Sleeping          |     1 |     1 ||     2
 Armour: Leather armour    |    43 |    51 ||    94
  Dodge: Dodged            |    46 |    83 ||   129

Table legend: (Time is in decaauts)
 A = Elapsed time spent in this place.
 B = Non-inter-level travel time spent in this place.
 C = Inter-level travel time spent in this place.
 D = Time resting spent in this place.
 E = Time spent auto-exploring this place.
 F = Levels seen in this place.
 G = Mean time per level.
                   A        B        C        D        E       F      G
               +--------+--------+--------+--------+--------+-----+--------+
         Total |   2371 |   2323 |     48 |     21 |   1836 |   4 |  592.8 |
       Dungeon |   2371 |   2323 |     48 |     21 |   1836 |   4 |  592.8 |
               +--------+--------+--------+--------+--------+-----+--------+

Top non-repeatable levels by time:
     D:1: 1121 daAuts
     D:2: 898 daAuts
     D:4: 224 daAuts
     D:3: 126 daAuts
